 Dungeon Crawl Stone Soup version 0.30-a0-458-g86641cc369 (webtiles) character file.

Game seed: 14653785628386287842

414 cforsyth the Ruffian (level 6, -4/62 HPs)
             Began as a Troll Fighter on Dec 14, 2022.
             Slain by Edmund
             ... wielding a +2 dire flail of protection
              (8 damage)
             ... on level 4 of the Dungeon.
             The game lasted 00:04:24 (2684 turns).

cforsyth the Ruffian (Troll Fighter)                Turns: 2684, Time: 00:04:24

Health: -4/62      AC:  4    Str: 31    XL:     6   Next: 60%
Magic:  5/5        EV:  8    Int:  6    God:
Gold:   226        SH:  8    Dex:  9    Spells: 5/5 levels left

rFire   . . .      SeeInvis .      - Unarmed
rCold   . . .      Faith    .    b - +1 kite shield
rNeg    . . .      Spirit   .    a - +0 robe
rPois   .          Reflect  .    (helmet restricted)
rElec   .          Harm     .    (no cloak)
rCorr   .          Rampage  .    (gloves unavailable)
Will    .....                    (boots unavailable)
Stlth   +.........               v - amulet of the acrobat
HPRegen 1.10/turn                x - +6 ring of strength
MPRegen 0.09/turn                (no ring)

@: mighty
A: large, unfitting armour, claws 3, regeneration 1, shaggy fur 1, tough skin 1
a: no special abilities


You were on level 4 of the Dungeon.
You visited 1 branch of the dungeon, and saw 4 of its levels.

You collected 226 gold pieces.

Inventory:

Armour
 a - a +0 robe (worn)
 b - a +1 kite shield (worn)
Jewellery
 d - a ring of wizardry
 v - an amulet of the acrobat (around neck)
 x - a +6 ring of strength (left claw)
Scrolls
 f - 3 scrolls of teleportation
 g - a scroll of torment {unknown}
 j - a scroll of immolation {unknown}
 k - 3 scrolls of magic mapping
 l - a scroll of fear
 m - a scroll of enchant armour
 n - a scroll of fog {unknown}
 r - a scroll of enchant weapon {unknown}
 s - a scroll of identify {unknown}
 t - a scroll of brand weapon {unknown}
Potions
 e - 2 potions of heal wounds {unknown}
 h - 5 potions of curing {unknown}
 i - 2 potions of brilliance {unknown}
 o - a potion of cancellation {unknown}
 p - 2 potions of mutation {unknown}
 q - 2 potions of lignification {unknown}
 u - a potion of haste {unknown}
 w - a potion of degeneration {unknown}


   Skills:
 + Level 3.7 Fighting
 - Level 2.4 Dodging
 + Level 4.1 Shields
 * Level 5.2 Unarmed Combat


You had 5 spell levels left.
You didn't know any spells.
Your spell library contained the following spells:

 Spells                   Type           Power      Damage    Failure   Level
 Sting                    Tmut/Pois      0%         1d3       75%         1
 Poisonous Vapours        Pois/Air       0%         N/A       86%         2
 Inner Flame              Hex/Fire       0%         N/A       98%         3
 Vhi's Electric Charge    Tloc/Air       0%         N/A       98%         3
 Cause Fear               Hex            0%         N/A       100%        4
 Olgreb's Toxic Radiance  Pois           0%         N/A       100%        4
 Arcjolt                  Conj/Air       0%         1d10      100%        5
 Discord                  Hex            0%         N/A       100%        8
 Maxwell's Capacitive Co  Air            0%         ∞         100%        8


Dungeon Overview and Level Annotations

Branches:
Dungeon (4/15)
 Temple: D:4-7

Altars:
Kikubaaqudgha
Qazlal

Annotations:
D:4 Edmund


Innate Abilities, Weirdness & Mutations

You are too large for most types of armour.
You have claws for hands.
Your natural rate of healing is unusually fast.
You are covered in fur. (AC +1)
You have tough skin. (AC +1)


Message History

You barely miss Edmund.
Edmund is moderately wounded.
Edmund barely misses you.
You closely miss Edmund.
Edmund is moderately wounded.
Edmund barely misses you.
You closely miss Edmund.
Edmund is moderately wounded.
Edmund hits you with a +2 dire flail of protection!
You scratch Edmund but do no damage.
Edmund is moderately wounded.
You block Edmund's attack.
You closely miss Edmund.
Edmund is moderately wounded.
Edmund asks, "Have you met my wondrous brother?"
Edmund hits you with a +2 dire flail of protection!
You completely miss Edmund.
Edmund is moderately wounded.
Edmund hits you with a +2 dire flail of protection!
You claw Edmund!
Edmund is heavily wounded.
Edmund hits you with a +2 dire flail of protection.
You barely miss Edmund.
Edmund is heavily wounded.
Edmund hits you with a +2 dire flail of protection!
* * * LOW HITPOINT WARNING * * *
Unknown command.
You feel very mighty all of a sudden. You block Edmund's attack.
You claw Edmund!
Edmund is severely wounded.
Edmund hits you with a +2 dire flail of protection!
* * * LOW HITPOINT WARNING * * *
You closely miss Edmund.
Edmund is severely wounded.
You block Edmund's attack.
You scratch Edmund.
Edmund is almost dead.
Edmund hits you with a +2 dire flail of protection!
You die...

####....#
*,,,,,...............
#.......#
*,,,,,*#####..###....
#.##.##.# *,,,,,*
#......##. #.##.##.#
******* #.#######.
#.##....#####*### #.* #.
#.#####.#....,..# #.* #.
#.####....#***#.# *,* #.
#......#..#####.## *,* #.
#####.###......@@#*****,*
## #..#..#####...<....,*
# ##....#***#.#######** #
####.......# # #########
###### #>...# #.##<.
#.#### #.#


You could see Edmund.

Vanquished Creatures
  A phantom (D:4)
  A scorpion (D:4)
  A necrophage (D:4)
  An orc priest (D:4)
  2 iguanas
  An orc wizard (D:4)
  2 adders (D:3)
  3 dart slugs
  9 orcs
  7 endoplasms
  5 giant cockroaches
  13 goblins
  4 hobgoblins
  9 kobolds
  2 quokkas
  9 ball pythons
  5 bats
  2 frilled lizards
  9 rats
86 creatures vanquished.

Vanquished Creatures (others)
  A human (D:4)
1 creature vanquished.

Grand Total: 87 creatures vanquished

Notes
Turn   | Place    | Note
-------+----------+-------------------------------------------
     0 | D:1      | cforsyth the Troll Fighter began the quest for the Orb.
     0 | D:1      | Reached XP level 1. HP: 22/22 MP: 0/0
   173 | D:1      | Reached XP level 2. HP: 29/29 MP: 1/1
   634 | D:2      | Reached XP level 3. HP: 35/36 MP: 2/2
   838 | D:2      | Reached skill level 3 in Unarmed Combat
   977 | D:2      | Reached XP level 4. HP: 44/44 MP: 3/3
  1298 | D:3      | Found a stormy altar of Qazlal.
  2133 | D:4      | Noticed a scorpion
  2140 | D:4      | Killed a scorpion
  2141 | D:4      | Reached skill level 4 in Unarmed Combat
  2141 | D:4      | Reached XP level 5. HP: 34/53 MP: 4/4
  2167 | D:4      | Noticed a phantom
  2178 | D:4      | Killed a phantom
  2179 | D:4      | Reached XP level 6. HP: 51/61 MP: 5/5
  2320 | D:4      | Found an ancient bone altar of Kikubaaqudgha.
  2323 | D:4      | Noticed a human
  2326 | D:4      | Killed a human
  2418 | D:4      | Reached skill level 5 in Unarmed Combat
  2666 | D:4      | Noticed Edmund
  2682 | D:4      | HP: 2/62 [Edmund/+2 dire flail of protection (9)]
  2684 | D:4      | Slain by Edmund

Illustrated notes

Levels and vault maps discovered:
D:1:      lemuel_arrival_river_ford, layout_loops_ring, st_stairs_13
D:2:      layout_loops_ring, minmay_octomino_c4
D:3:      layout_basic, grunt_qazlal_sundering
D:4:      layout_loops_cross, tgw_kikubaaqudgha, uniq_edmund

Skill      XL: |  1  2  3  4  5  6 |
---------------+-------------------+-----
Shields        | 3 4 |  4.1
Unarmed Combat | 3 4 5 |  5.2
Fighting       | 3 |  3.7
Dodging        | |  2.4

Action                   |  1- 3 |  4- 6 || total
-------------------------+-------+-------++-------
Melee: Unarmed           |   104 |   146 ||   250
  Use: Scroll            |       |     4 ||     4
       Potion            |       |     1 ||     1
 Stab: Sleeping          |       |     1 ||     1
Armor: Robe              |    32 |    29 ||    61
Dodge: Dodged            |    26 |    49 ||    75
Block: Kite shield       |    40 |    43 ||    83

Table legend: (Time is in decaauts)
 A = Elapsed time spent in this place.
 B = Non-inter-level travel time spent in this place.
 C = Inter-level travel time spent in this place.
 D = Time resting spent in this place.
 E = Time spent auto-exploring this place.
 F = Levels seen in this place.
 G = Mean time per level.
                   A        B        C        D        E       F      G
               +--------+--------+--------+--------+--------+-----+--------+
         Total |   2698 |   2583 |    115 |      0 |   1987 |   4 |  674.5 |
       Dungeon |   2698 |   2583 |    115 |      0 |   1987 |   4 |  674.5 |
               +--------+--------+--------+--------+--------+-----+--------+

Top non-repeatable levels by time:
     D:3: 834 daAuts
     D:2: 672 daAuts
     D:1: 611 daAuts
     D:4: 580 daAuts
